 Dungeon Crawl Stone Soup version 0.28-a0-973-ga7f8b01127 (webtiles) character file.

Game seed: 6294410657926576935

868 aaaaab the Cleaver (level 7, 0/63 HPs)
             Began as a Minotaur Berserker on Dec 1, 2021.
             Was a Believer of Trog.
             Killed by divine providence
             ... invoked by an orc priest
              (10 damage)
             ... on level 4 of the Dungeon.
             The game lasted 00:12:58 (4092 turns).

aaaaab the Cleaver (Minotaur Berserker)             Turns: 4092, Time: 00:12:59

Health: 0/63       AC: 10    Str: 24    XL:     7   Next: 73%
Magic:  6/6        EV:  8    Int:  4    God:    Trog [**....]
Gold:   106        SH:  3    Dex:  9    Spells: 6/6 levels left

rFire   . . .      SeeInvis .   a - +0 hand axe
rCold   . . .      Faith    .   e - +0 buckler
rNeg    . . .      Spirit   .   c - +0 chain mail
rPois   .          Reflect  .   (helmet restricted)
rElec   .          Harm     .   (no cloak)
rCorr   .          Rampage  .   (no gloves)
Will    .....                   (no boots)
Stlth   ..........              (no amulet)
HPRegen 0.20/turn               d - ring of flight
MPRegen 0.10/turn               (no ring)

@: flying
A: horns 2, retaliatory headbutt
a: Renounce Religion, Berserk, Trog's Hand


You were on level 4 of the Dungeon.
You worshipped Trog.
Trog was pleased with you.
You visited 1 branch of the dungeon, and saw 4 of its levels.

You collected 106 gold pieces.

Inventory:

Hand Weapons
 a - a +0 hand axe (weapon)
 i - a +2 dagger of holy wrath
Armour
 b - a +0 animal skin
 c - a +0 chain mail (worn)
 e - a +0 buckler (worn)
 l - a +1 leather armour of poison resistance
Jewellery
 d - a ring of flight (left hand)
Scrolls
 f - 2 scrolls of identify
 g - a scroll of enchant weapon
 h - a scroll of fog {unknown}
 j - a scroll of magic mapping {unknown}
 k - a scroll of teleportation {unknown}
 m - a scroll of blinking {unknown}
 n - a scroll of enchant armour {unknown}
 p - a scroll of brand weapon {unknown}
 q - a scroll of noise {unknown}
Potions
 o - a potion of mutation {unknown}
 s - a potion of brilliance {unknown}


   Skills:
 + Level 6.1 Fighting
 + Level 8.0 Axes
 + Level 5.7 Armour
 + Level 2.5 Dodging
 + Level 0.6 Stealth
 + Level 1.6 Shields


You had 6 spell levels left.
You didn't know any spells.
Your spell library was empty.

Dungeon Overview and Level Annotations

Branches:
Dungeon (4/15)
 Temple: D:4-7

Altars:


Innate Abilities, Weirdness & Mutations

You have a pair of horns on your head.
You reflexively headbutt those who attack you in melee.


Message History

* * * LOW HITPOINT WARNING * * *
You feel sick.
As you read the scroll of identify, it crumbles to dust.
r - a potion of heal wounds
* * * LOW HITPOINT WARNING * * *
You feel sick.
The orc throws a poisoned dart.
The poisoned dart barely misses you.
You feel much better.
You feel sick.
The orc throws a poisoned dart.
The poisoned dart hits you!
You are more poisoned.
You feel sick.
You feel sick.
You feel sick.
You feel sick.
You feel sick.
You feel sick.
You feel sick.
You feel sick.
You are no longer poisoned.
There is an escape hatch in the ceiling here.
The orc throws a poisoned dart.
You block the poisoned dart.
An orc is nearby!
You start resting.
An orc is nearby!
You hit the orc priest but do no damage.
Your shield and chain mail prevent you from hitting the orc.
The orc closely misses you.
The orc priest hits you but does no damage.
You barely miss the orc priest. Your headbutt misses the orc priest.
You hit the orc. The orc hits you but does no damage.
The orc priest hits you with a +0 hand axe.
* * * LOW HITPOINT WARNING * * *
You closely miss the orc priest.
The orc shouts!
You headbutt the orc priest!
The orc priest is severely wounded.
You closely miss the orc. The orc hits you but does no damage.
The orc priest mumbles some strange prayers to Beogh against you.
Beogh smites you!
You die...

#......###<......#.#######
#......)...###.#.........#
#.......#........)..####.#
#.......#..o####.)....##.#
#.......#...# ###.##.##.#
#.##.##.###.# #.##.##.#
#.##.##.# #.# #....(..#
#.......###o### ####.####
####.####.@o..# #.#
####.####.....# #.#
#......##.....# #.#
#.##.#.##.....# ####.#
#.##.#.##.....# #....#
#....#.######## #.####
#..###.# #.# ###..###.#
#.# #........## #.#


You could see an orc priest and 2 orcs.

Vanquished Creatures
  Pikel (D:4)
  An ogre (D:3)
  2 scorpions (D:4)
  A wyvern zombie (D:4)
  A hound (D:4)
  Ijyb (D:3)
  5 adders
  2 dart slugs
  2 worms
  4 orcs
  6 bats
  5 endoplasms
  2 giant cockroaches (D:1)
  8 hobgoblins
  4 quokkas
  4 ball pythons
  2 frilled lizards
  6 goblins
  4 kobolds
  5 rats
66 creatures vanquished.

Vanquished Creatures (others)
  2 fungi (D:3)
  2 plants (D:3)
4 creatures vanquished.

Grand Total: 70 creatures vanquished

Notes
Turn   | Place    | Note
-------+----------+-------------------------------------------
     0 | D:1      | aaaaab the Minotaur Berserker began the quest for the Orb.
     0 | D:1      | Reached XP level 1. HP: 19/19 MP: 0/0
    67 | D:1      | Reached XP level 2. HP: 27/27 MP: 1/1
   152 | D:1      | Reached skill level 4 in Axes
   837 | D:2      | Reached XP level 3. HP: 10/33 MP: 2/2
  2341 | D:3      | Noticed Ijyb
  2352 | D:3      | HP: 2/51 [Ijyb/puff of flame (4)]
  2353 | D:3      | Reached XP level 4. HP: 2/41 MP: 3/3
  2356 | D:3      | Killed Ijyb
  2357 | D:3      | Reached skill level 5 in Axes
  2846 | D:3      | Reached ** piety under Trog
  2932 | D:3      | Noticed an ogre
  2938 | D:3      | Killed an ogre
  2939 | D:3      | Reached skill level 5 in Fighting
  2939 | D:3      | Reached XP level 5. HP: 34/48 MP: 4/4
  2961 | D:3      | Found a faded altar of an unknown god.
  3412 | D:4      | Reached skill level 6 in Axes
  3495 | D:4      | Noticed a lemure
  3496 | D:4      | Noticed Pikel
  3499 | D:4      | Noticed a lemure
  3501 | D:4      | Noticed a lemure
  3506 | D:4      | HP: 2/48 [Pikel (3)]
  3557 | D:4      | Killed Pikel
  3558 | D:4      | Reached skill level 7 in Axes
  3558 | D:4      | Reached skill level 5 in Armour
  3558 | D:4      | Reached skill level 1 in Shields
  3558 | D:4      | Reached XP level 6. HP: 17/57 MP: 5/5
  3558 | D:4      | Reached XP level 7. HP: 19/63 MP: 6/6
  4051 | D:4      | Reached skill level 8 in Axes
  4092 | D:4      | Killed from afar by an orc priest

Illustrated notes

Levels and vault maps discovered:
D:1:      minmay_arrival_semitransparent, layout_loops_cross
D:2:      layout_basic, st_stairs_2
D:3:      layout_loops_ring, shapermc_ecumenical_altar_rom_forum,
          nrook_mini_backslash, minmay_circle_x, uniq_ijyb
D:4:      layout_loops_cross, uniq_pikel

Skill      XL: |  1  2  3  4  5  6  7 |
---------------+----------------------+-----
Axes           | 4 5 7 8 |  8.0
Fighting       | 4 5 6 |  6.1
Armour         | 3 5 |  5.7
Shields        | 1 |  1.6
Dodging        | |  2.5
Stealth        | |  0.6

Action                   |  1- 3 |  4- 6 |  7- 9 || total
-------------------------+-------+-------+-------++-------
Melee: Hand axe          |    91 |    94 |    23 ||   208
       Headbutt          |    17 |    10 |     5 ||    32
Invok: Berserk           |     1 |     1 |       ||     2
  Use: Scroll            |     2 |       |     1 ||     3
       Potion            |       |       |     1 ||     1
Armor: Chain mail        |    37 |    51 |    12 ||   100
       Animal skin       |     5 |       |       ||     5
Dodge: Dodged            |    53 |    26 |    12 ||    91
Block: Buckler           |     4 |    10 |     7 ||    21

Table legend: (Time is in decaauts)
 A = Elapsed time spent in this place.
 B = Non-inter-level travel time spent in this place.
 C = Inter-level travel time spent in this place.
 D = Time resting spent in this place.
 E = Time spent auto-exploring this place.
 F = Levels seen in this place.
 G = Mean time per level.
                   A        B        C        D        E       F      G
               +--------+--------+--------+--------+--------+-----+--------+
         Total |   4132 |   4132 |      0 |    979 |      0 |   4 | 1033.0 |
       Dungeon |   4132 |   4132 |      0 |    979 |      0 |   4 | 1033.0 |
               +--------+--------+--------+--------+--------+-----+--------+

Top non-repeatable levels by time:
     D:2: 1531 daAuts
     D:3: 1071 daAuts
     D:1: 816 daAuts
     D:4: 712 daAuts
